Quebec Nordiques vs Calgary Flames
Created - Wednesday, June 4, 2025 at 09:14
Goals
|
| Quebec Nordiques |
0 |
3 |
2 |
5 |
| Calgary Flames |
5 |
0 |
1 |
6 |
|
Shots
|
| Quebec Nordiques |
9 |
6 |
11 |
26 |
| Calgary Flames |
16 |
13 |
11 |
40 |
|
1st period
1. Calgary Flames , Oliver Bjorkstrand 1 (Bo Horvat 1, Jake Middleton 1) at 8:41
2. Calgary Flames , Pavel Zacha 1 (Bo Horvat 2) at 8:48
3. Calgary Flames , Joel Eriksson Ek 1 (Cale Makar 1) at 14:39
4. Calgary Flames , Pavel Zacha 2 (Oliver Bjorkstrand 1) at 17:09
5. Calgary Flames , Chris Kreider 1 (J.T. Miller 1, Ilya Sorokin) at 18:28 (PP)
Penalties :
Jake Middleton (CGY) for Tripping (Minor) at 6:26, Mathieu Joseph (CGY) for Fighting (Major) at 11:45, Michael McCarron (QUE) for Fighting (Major) at 11:45, Jonas Siegenthaler (QUE) for Interference (Minor) at 18:17, Matthew Tkachuk (CGY) for Cross-checking (Minor) at 19:15
2nd period
6. Quebec Nordiques , Marco Rossi 1 (Nikolaj Ehlers 1, Anthony Mantha 1) at 0:24 (PP)
7. Quebec Nordiques , Marco Rossi 2 (J.J. Moser 1, Cole Perfetti 1) at 0:37
8. Quebec Nordiques , Jonatan Berggren 1 (Marco Rossi 1, Mark Giordano 1) at 16:31
Penalties :
Mark Giordano (QUE) for Hooking (Minor) at 1:01, Joseph Woll (QUE) for Slashing (Minor) at 8:10 - Jonatan Berggren served the penalty
3rd period
9. Quebec Nordiques , Marco Rossi 3 (Cole Perfetti 2, Brock Faber 1) at 7:31
10. Calgary Flames , Pavel Zacha 3 (Zach Hyman 1, Kris Letang 1) at 12:48
11. Quebec Nordiques , Jonas Siegenthaler 1 (Rickard Rakell 1, Nikolaj Ehlers 2) at 19:08
Penalties :
Alex DeBrincat (QUE) for Cross-checking (Minor) at 0:42, Brock Faber (QUE) for Hooking (Minor) at 10:12, Zach Hyman (CGY) for Delaying the game (Minor) at 10:25, Marco Rossi (QUE) for Roughing (Minor) at 13:17
Goalie Stats
Joseph Woll (QUE), 34 saves from 40 shots - (0.850), L, 0-1-0, 60:00 minutes
Ilya Sorokin (CGY), 21 saves from 26 shots - (0.808), W, 1-0-0, 60:00 minutes
Players Stats for Quebec Nordiques
Player Name G A P +/- PIM S H SB GA TA FO MP PP MP PK MP
------------------------------------------------------------------------------------
Alex DeBrincat 0 0 0 -1 2 4 0 0 0 0 0/3 16:17 1:37 0:00
Alexandre Carrier 0 0 0 0 0 1 0 1 0 0 0/0 8:07 1:24 1:00
Anthony Mantha 0 1 1 0 0 1 4 0 0 1 1/1 14:15 1:44 0:00
Brock Faber 0 1 1 0 2 0 3 1 0 2 0/0 28:42 1:57 3:51
Cole Perfetti 0 2 2 2 0 3 0 0 0 0 0/1 12:02 0:00 0:00
J.J. Moser 0 1 1 -1 0 0 2 0 0 2 0/0 25:35 1:44 4:29
Jonas Siegenthaler 1 0 1 1 2 2 0 1 0 0 0/0 16:28 0:13 0:45
Jonatan Berggren 1 0 1 2 0 1 1 0 0 0 0/0 12:11 0:00 0:00
Jordan Greenway 0 0 0 -3 0 0 0 0 0 0 0/0 11:50 0:00 4:00
Luke Kunin 0 0 0 -3 0 0 0 0 1 0 0/0 11:11 0:00 4:14
Marco Rossi 3 1 4 2 2 4 0 0 0 0 6/10 14:33 1:44 0:00
Mark Giordano 0 1 1 -2 2 0 2 2 0 1 0/0 19:50 1:37 2:26
Matt Duchene 0 0 0 1 0 2 2 0 1 0 10/20 17:30 1:24 0:08
Michael Anderson 0 0 0 -1 0 0 0 1 0 2 0/0 20:14 0:00 4:09
Michael McCarron 0 0 0 -3 5 0 1 0 0 0 8/14 9:32 0:00 4:00
Nikolaj Ehlers 0 2 2 1 0 4 4 0 1 0 0/1 15:32 1:44 0:00
Rickard Rakell 0 1 1 1 0 2 1 0 0 1 0/2 17:05 1:24 0:00
Shane Pinto 0 0 0 -1 0 2 2 1 1 0 5/12 18:54 0:13 4:18
Players Stats for Calgary Flames
Player Name G A P +/- PIM S H SB GA TA FO MP PP MP PK MP
------------------------------------------------------------------------------------
Bo Horvat 0 2 2 2 0 3 0 0 0 0 11/15 13:09 0:08 0:00
Cale Makar 0 1 1 -2 0 2 1 0 0 0 0/0 23:33 3:57 1:44
Chris Kreider 1 0 1 -2 0 6 2 0 2 0 0/1 20:11 3:56 1:27
Drew Doughty 0 0 0 -2 0 0 0 1 1 0 0/0 23:33 3:57 1:44
Filip Hronek 0 0 0 1 0 0 2 0 0 2 0/0 13:50 0:00 0:00
J.T. Miller 0 1 1 -2 0 8 1 0 0 0 12/23 20:13 4:02 1:27
Jake Middleton 0 1 1 1 2 2 0 0 0 0 0/0 13:55 0:00 0:00
Jeremy Lauzon 0 0 0 2 0 0 3 0 1 1 0/0 22:37 4:23 1:37
Joel Eriksson Ek 1 0 1 0 0 2 4 1 1 0 1/2 14:59 0:00 1:46
Kris Letang 0 1 1 2 0 0 2 3 1 0 0/0 22:37 4:23 1:37
Mathieu Joseph 0 0 0 0 5 0 1 0 0 0 0/0 6:29 0:00 0:00
Matthew Tkachuk 0 0 0 -2 2 1 1 0 0 0 0/1 18:03 3:56 0:00
Nic Dowd 0 0 0 0 0 0 0 0 0 0 0/0 8:34 0:31 0:00
Nicholas Paul 0 0 0 1 0 3 3 0 0 0 0/3 8:13 0:00 0:08
Oliver Bjorkstrand 1 1 2 2 0 4 0 0 1 0 1/1 12:15 0:02 0:00
Pavel Zacha 3 0 3 3 0 6 0 1 0 1 2/2 16:16 3:53 0:08
Sebastian Aho 0 0 0 0 0 3 3 0 2 0 7/16 19:19 4:16 1:46
Zach Hyman 0 1 1 1 2 0 1 0 0 0 0/0 17:03 4:15 0:00
3 Stars
1 - Pavel Zacha (CGY)
2 - Marco Rossi (QUE)
3 - Oliver Bjorkstrand (CGY)
Power Play
Quebec Nordiques - 1 on 3 Attempt(s) - 33.33%
Calgary Flames - 1 on 6 Attempt(s) - 16.67%
Penalty Kill
Quebec Nordiques - 5 on 6 Attempt(s) - 83.33%
- Score 0 goal in Penalty Kill
Calgary Flames - 2 on 3 Attempt(s) - 66.67%
- Score 0 goal in Penalty Kill
Team Stat
Quebec Nordiques - Hits : 22 - Faceoff Wins : 30 - Blocked Shots : 7 - Penalty Minutes : 17
Calgary Flames - Hits : 24 - Faceoff Wins : 34 - Blocked Shots : 6 - Penalty Minutes : 11
Official
Referees : Furman South and Tom Chmielewski
Linesman : James Tobias and Tommy Hughes
Game Notes
Michael McCarron beats up Mathieu Joseph at 11:45 of 1st period
Alexandre Carrier is injured at 5:54 of 2nd period (Bruised Left Shoulder)
Marco Rossi has scored a Hat Trick!
Pavel Zacha has scored a Hat Trick!
Finance
Level 1 -- Attendance: 5802 (96.70%) -- Ticket Income $580,200
Level 2 -- Attendance: 4449 (88.98%) -- Ticket Income $266,940
Level 3 -- Attendance: 2685 (89.50%) -- Ticket Income $93,975
Level 4 -- Attendance: 4432 (88.64%) -- Ticket Income $110,800
Luxury Box -- Attendance: 947 (94.70%) -- Ticket Income $189,400
Game was played at the Scotiabank Saddledome.
Total Attendance: 18315 (91.58%)
Total Ticket Income: $1,241,315
Other Income: $434,460
Total Income: $1,675,775
Quebec Nordiques
5 vs 5 Forward
Center Left Wing Right Wing Time % Phy DF OF
1 Matt Duchene Nikolaj Ehlers Rickard Rakell 30 1 1 3
2 Shane Pinto Alex DeBrincat Anthony Mantha 30 1 1 3
3 Marco Rossi Cole Perfetti Jonatan Berggren 25 1 1 3
4 Michael McCarron Luke Kunin Jordan Greenway 15 1 3 1
5 vs 5 Defense
Defense Defense Time % Phy DF OF
1 Brock Faber J.J. Moser 30 1 2 2
2 Mark Giordano Michael Anderson 30 1 2 2
3 Alexandre Carrier Jonas Siegenthaler 25 1 2 2
4 Brock Faber J.J. Moser 15 1 2 2
PowerPlay Forward
Center Left Wing Right Wing Time % Phy DF OF
1 Matt Duchene Alex DeBrincat Rickard Rakell 50 1 1 3
2 Marco Rossi Nikolaj Ehlers Anthony Mantha 50 1 1 3
PowerPlay Defense
Defense Defense Time % Phy DF OF
1 Brock Faber J.J. Moser 50 1 1 3
2 Alexandre Carrier Mark Giordano 50 1 1 3
Penalty Kill 4 Players Forward
Center Wing Time % Phy DF OF
1 Michael McCarron Jordan Greenway 50 2 2 1
2 Shane Pinto Luke Kunin 50 2 2 1
Penalty Kill 4 Players Defense
Defense Defense Time % Phy DF OF
1 Brock Faber Alexandre Carrier 50 1 3 1
2 Michael Anderson J.J. Moser 50 1 3 1
Penalty Kill - 3 Players Forward
Forward Time % Phy DF OF
1 Michael McCarron 50 2 2 1
2 Shane Pinto 50 2 2 1
Penalty Kill - 3 Players Defense
Defense Defense Time % Phy DF OF
1 Brock Faber Alexandre Carrier 50 2 3 0
2 Michael Anderson J.J. Moser 50 2 3 0
4 vs 4 Forward
Center Wing Time % Phy DF OF
1 Matt Duchene Rickard Rakell 50 1 1 3
2 Shane Pinto Alex DeBrincat 50 1 1 3
4 vs 4 Defense
Defense Defense Time % Phy DF OF
1 Brock Faber J.J. Moser 50 1 2 2
2 Mark Giordano Michael Anderson 50 1 2 2
Last Minutes Offensive
Center Left Wing Right Wing Defense Defense
Matt Duchene Alex DeBrincat Rickard Rakell Brock Faber J.J. Moser
Last Minutes Defensive
Center Left Wing Right Wing Defense Defense
Shane Pinto Jordan Greenway Luke Kunin Brock Faber Alexandre Carrier
Goaltenders
Starting : Joseph Woll
Backup : Lukas Dostal
Extra Forwards
Normal : Marco Rossi, Cole Perfetti, Michael McCarron - PP : Marco Rossi, Cole Perfetti - PK : Matt Duchene
Extra Defensemen
Normal : Alexandre Carrier, Jonas Siegenthaler, Brock Faber - PP : Michael Anderson - PK : Mark Giordano, Jonas Siegenthaler
Penalty Shots
Alex DeBrincat, Rickard Rakell, Matt Duchene, Anthony Mantha, Mark Giordano
Scratches
Jakub Voracek (Healthy), Rem Pitlick (Healthy), Connor Brown (Healthy), Justin Holl (Healthy)
Calgary Flames
5 vs 5 Forward
Center Left Wing Right Wing Time % Phy DF OF
1 J.T. Miller Chris Kreider Matthew Tkachuk 30 0 3 2
2 Sebastian Aho Joel Eriksson Ek Zach Hyman 30 0 3 2
3 Bo Horvat Pavel Zacha Oliver Bjorkstrand 25 0 2 3
4 Nicholas Paul Nic Dowd Mathieu Joseph 15 1 2 2
5 vs 5 Defense
Defense Defense Time % Phy DF OF
1 Drew Doughty Cale Makar 35 0 2 3
2 Kris Letang Jeremy Lauzon 35 0 2 3
3 Filip Hronek Jake Middleton 30 1 2 2
4 Drew Doughty Cale Makar 0 1 2 2
PowerPlay Forward
Center Left Wing Right Wing Time % Phy DF OF
1 J.T. Miller Chris Kreider Matthew Tkachuk 50 1 2 2
2 Sebastian Aho Pavel Zacha Zach Hyman 50 1 2 2
PowerPlay Defense
Defense Defense Time % Phy DF OF
1 Drew Doughty Cale Makar 50 1 2 2
2 Kris Letang Jeremy Lauzon 50 1 2 2
Penalty Kill 4 Players Forward
Center Wing Time % Phy DF OF
1 J.T. Miller Chris Kreider 50 1 2 2
2 Sebastian Aho Joel Eriksson Ek 50 1 2 2
Penalty Kill 4 Players Defense
Defense Defense Time % Phy DF OF
1 Drew Doughty Cale Makar 50 1 2 2
2 Kris Letang Jeremy Lauzon 50 1 2 2
Penalty Kill - 3 Players Forward
Forward Time % Phy DF OF
1 J.T. Miller 50 1 2 2
2 Chris Kreider 50 1 2 2
Penalty Kill - 3 Players Defense
Defense Defense Time % Phy DF OF
1 Drew Doughty Cale Makar 50 1 2 2
2 Kris Letang Jeremy Lauzon 50 1 2 2
4 vs 4 Forward
Center Wing Time % Phy DF OF
1 J.T. Miller Chris Kreider 50 1 2 2
2 Sebastian Aho Joel Eriksson Ek 50 1 2 2
4 vs 4 Defense
Defense Defense Time % Phy DF OF
1 Drew Doughty Cale Makar 50 1 2 2
2 Kris Letang Jeremy Lauzon 50 1 2 2
Last Minutes Offensive
Center Left Wing Right Wing Defense Defense
J.T. Miller Chris Kreider Matthew Tkachuk Drew Doughty Cale Makar
Last Minutes Defensive
Center Left Wing Right Wing Defense Defense
J.T. Miller Chris Kreider Matthew Tkachuk Drew Doughty Cale Makar
Goaltenders
Starting : Ilya Sorokin
Backup : Samuel Montembeault
Extra Forwards
Normal : Nic Dowd, Bo Horvat, Nicholas Paul - PP : Nic Dowd, Bo Horvat - PK : Nicholas Paul
Extra Defensemen
Normal : Filip Hronek, Jake Middleton, Kris Letang - PP : Filip Hronek - PK : Jake Middleton, Kris Letang
Penalty Shots
J.T. Miller, Chris Kreider, Sebastian Aho, Joel Eriksson Ek, Bo Horvat
Scratches
None
% Time on Ice - Quebec Nordiques
Lines # - Real PCT - Wanted PCT - Time Play
Normal Forward
1 - 30% - 30% - 13:56
2 - 29% - 30% - 13:23
3 - 26% - 25% - 11:54
4 - 14% - 15% - 6:29
Normal Defense
1 - 27% - 30% - 12:14
2 - 30% - 30% - 13:29
3 - 36% - 25% - 16:24
4 - 8% - 15% - 3:35
PP Forward
1 - 42% - 50% - 1:24
2 - 58% - 50% - 1:57
PP Defense
1 - 58% - 50% - 1:57
2 - 42% - 50% - 1:24
PK Forward
1 - 48% - 50% - 4:00
2 - 52% - 50% - 4:20
PK Defense
1 - 50% - 50% - 4:11
2 - 50% - 50% - 4:09
PK3 Forward
1 - 0% - 50%
2 - 0% - 50%
PK3 Defense
1 - 0% - 50%
2 - 0% - 50%
44 Forward
1 - 56% - 50% - 0:59
2 - 44% - 50% - 0:47
44 Defense
1 - 73% - 50% - 1:17
2 - 27% - 50% - 0:29
Last Minute Offensive - 0:51
Last Minute Defensive - 0:00
Total
Forward - 60:00
Defense - 60:00
|
% Time on Ice - Calgary Flames
Lines # - Real PCT - Wanted PCT - Time Play
Normal Forward
1 - 29% - 30% - 13:10
2 - 28% - 30% - 12:54
3 - 26% - 25% - 11:57
4 - 17% - 15% - 7:41
Normal Defense
1 - 35% - 35% - 16:11
2 - 34% - 35% - 15:41
3 - 30% - 30% - 13:50
4 - 0% - 0% - 0:00
PP Forward
1 - 49% - 50% - 4:04
2 - 51% - 50% - 4:16
PP Defense
1 - 47% - 50% - 3:57
2 - 53% - 50% - 4:23
PK Forward
1 - 43% - 50% - 1:27
2 - 57% - 50% - 1:54
PK Defense
1 - 52% - 50% - 1:44
2 - 48% - 50% - 1:37
PK3 Forward
1 - 0% - 50%
2 - 0% - 50%
PK3 Defense
1 - 0% - 50%
2 - 0% - 50%
44 Forward
1 - 56% - 50% - 0:59
2 - 44% - 50% - 0:47
44 Defense
1 - 47% - 50% - 0:50
2 - 53% - 50% - 0:56
Last Minute Offensive - 0:00
Last Minute Defensive - 0:51
Total
Forward - 60:00
Defense - 60:00
|
Play-by-Play
1st period
0:01 of 1st period - Matt Duchene wins face-off versus J.T. Miller in neutral zone.
0:06 of 1st period - Icing by Drew Doughty.
0:07 of 1st period - J.T. Miller wins face-off versus Matt Duchene in Calgary Flames zone.
0:12 of 1st period - Matt Duchene is hit by Chris Kreider and loses puck.
0:17 of 1st period - Snap shot by Matthew Tkachuk.
0:17 of 1st period - Shot Misses the Net.
0:23 of 1st period - Wrist shot by Chris Kreider.
0:23 of 1st period - Stopped by Joseph Woll with a rebound.
0:33 of 1st period - Wrist shot by Alex DeBrincat.
0:33 of 1st period - Stopped by Ilya Sorokin without a rebound.
0:34 of 1st period - Shane Pinto wins face-off versus Sebastian Aho in Calgary Flames zone.
1:29 of 1st period - Wrist shot by Cole Perfetti.
1:29 of 1st period - Stopped by Ilya Sorokin with a rebound.
1:55 of 1st period - Kris Letang is hit by J.J. Moser and loses puck.
2:08 of 1st period - Slapshot by Nicholas Paul.
2:08 of 1st period - Shot Misses the Net.
2:34 of 1st period - Wrist shot by J.T. Miller.
2:34 of 1st period - Stopped by Joseph Woll with a rebound.
2:36 of 1st period - Slapshot by Jeremy Lauzon.
2:36 of 1st period - Shot Misses the Net.
2:38 of 1st period - Slapshot by J.T. Miller.
2:38 of 1st period - Shot Misses the Net.
2:40 of 1st period - Slapshot by Jeremy Lauzon.
2:40 of 1st period - Shot Misses the Net.
2:42 of 1st period - Snap shot by J.T. Miller.
2:42 of 1st period - Stopped by Joseph Woll without a rebound.
2:43 of 1st period - Bo Horvat wins face-off versus Marco Rossi in Quebec Nordiques zone.
3:10 of 1st period - J.T. Miller is hit by Anthony Mantha and loses puck.
3:42 of 1st period - Nicholas Paul is hit by Shane Pinto and loses puck.
4:15 of 1st period - Wrist shot by Alex DeBrincat.
4:15 of 1st period - Shot Misses the Net.
4:17 of 1st period - Slapshot by Brock Faber.
4:17 of 1st period - Shot Blocked by Drew Doughty.
4:19 of 1st period - Slapshot by Brock Faber.
4:19 of 1st period - Shot Misses the Net.
4:37 of 1st period - Snap shot by Shane Pinto.
4:37 of 1st period - Stopped by Ilya Sorokin without a rebound.
4:38 of 1st period - Matt Duchene wins face-off versus Bo Horvat in Calgary Flames zone.
4:39 of 1st period - Snap shot by Nikolaj Ehlers.
4:39 of 1st period - Stopped by Ilya Sorokin without a rebound.
4:40 of 1st period - Matt Duchene wins face-off versus Bo Horvat in Calgary Flames zone.
4:55 of 1st period - Wrist shot by Bo Horvat.
4:55 of 1st period - Stopped by Joseph Woll with a rebound.
5:13 of 1st period - Snap shot by Nicholas Paul.
5:13 of 1st period - Stopped by Joseph Woll with a rebound.
5:31 of 1st period - Snap shot by Rickard Rakell.
5:31 of 1st period - Deflect By Nicholas Paul.
5:31 of 1st period - Stopped by Ilya Sorokin without a rebound.
5:32 of 1st period - Marco Rossi wins face-off versus Chris Kreider in Calgary Flames zone.
5:37 of 1st period - Slapshot by Cole Perfetti.
5:37 of 1st period - Stopped by Ilya Sorokin with a rebound.
5:39 of 1st period - Slapshot by Alexandre Carrier.
5:39 of 1st period - Stopped by Ilya Sorokin without a rebound.
5:40 of 1st period - Marco Rossi wins face-off versus J.T. Miller in Calgary Flames zone.
5:55 of 1st period - Wrist shot by Chris Kreider.
5:55 of 1st period - Shot Misses the Net.
6:17 of 1st period - Snap shot by Marco Rossi.
6:17 of 1st period - Shot Misses the Net.
6:19 of 1st period - Snap shot by Jonas Siegenthaler.
6:19 of 1st period - Shot Misses the Net.
6:23 of 1st period - Wrist shot by Marco Rossi.
6:23 of 1st period - Deflect By Drew Doughty.
6:23 of 1st period - Shot Misses the Net.
6:23 of 1st period - Puck is out of play.
6:24 of 1st period - Bo Horvat wins face-off versus Michael McCarron in Calgary Flames zone.
6:26 of 1st period - Minor Penalty to Jake Middleton for Tripping.
6:27 of 1st period - Sebastian Aho wins face-off versus Alex DeBrincat in Calgary Flames zone.
6:41 of 1st period - Wrist shot by J.T. Miller.
6:41 of 1st period - Stopped by Joseph Woll with a rebound.
8:12 of 1st period - Alexandre Carrier is hit by Sebastian Aho and loses puck.
8:26 of 1st period - Penalty to Jake Middleton is over, Jake Middleton is back on ice.
8:35 of 1st period - Slapshot by Sebastian Aho.
8:35 of 1st period - Shot Misses the Net.
8:41 of 1st period - Backhand shot by Oliver Bjorkstrand.
8:41 of 1st period - Goal by Oliver Bjorkstrand - Quebec Nordiques : 0 - Calgary Flames : 1.
8:42 of 1st period - Bo Horvat wins face-off versus Michael McCarron in neutral zone.
8:46 of 1st period - Icing by Mark Giordano.
8:47 of 1st period - Bo Horvat wins face-off versus Michael McCarron in Quebec Nordiques zone.
8:48 of 1st period - Wrist shot by Pavel Zacha.
8:48 of 1st period - Deflect By Michael McCarron.
8:48 of 1st period - Goal by Pavel Zacha - Quebec Nordiques : 0 - Calgary Flames : 2.
8:49 of 1st period - Bo Horvat wins face-off versus Matt Duchene in neutral zone.
9:41 of 1st period - Snap shot by Sebastian Aho.
9:41 of 1st period - Shot Blocked by Shane Pinto.
9:43 of 1st period - Wrist shot by Sebastian Aho.
9:43 of 1st period - Stopped by Joseph Woll without a rebound.
9:44 of 1st period - Bo Horvat wins face-off versus Shane Pinto in Quebec Nordiques zone.
9:53 of 1st period - Drew Doughty is hit by Anthony Mantha and loses puck.
10:10 of 1st period - Sebastian Aho is hit by Nikolaj Ehlers and loses puck.
10:15 of 1st period - Snap shot by Nikolaj Ehlers.
10:15 of 1st period - Stopped by Ilya Sorokin without a rebound.
10:16 of 1st period - J.T. Miller wins face-off versus Matt Duchene in Calgary Flames zone.
10:47 of 1st period - Backhand shot by Sebastian Aho.
10:47 of 1st period - Shot Blocked by Jonas Siegenthaler.
11:16 of 1st period - Wrist shot by Alex DeBrincat.
11:16 of 1st period - Stopped by Ilya Sorokin without a rebound.
11:17 of 1st period - Bo Horvat wins face-off versus Matt Duchene in Calgary Flames zone.
11:28 of 1st period - Snap shot by Pavel Zacha.
11:28 of 1st period - Stopped by Joseph Woll without a rebound.
11:29 of 1st period - Matt Duchene wins face-off versus J.T. Miller in Quebec Nordiques zone.
11:40 of 1st period - Slapshot by Chris Kreider.
11:40 of 1st period - Shot Misses the Net.
11:42 of 1st period - Slapshot by Filip Hronek.
11:42 of 1st period - Shot Blocked by Brock Faber.
11:44 of 1st period - Snap shot by Chris Kreider.
11:44 of 1st period - Stopped by Joseph Woll without a rebound.
11:45 of 1st period - Michael McCarron wins face-off versus Nicholas Paul in Quebec Nordiques zone.
11:45 of 1st period - Michael McCarron beats up Mathieu Joseph.
11:45 of 1st period - Penalty to Mathieu Joseph for Fighting.
11:45 of 1st period - Penalty to Michael McCarron for Fighting.
11:46 of 1st period - Marco Rossi wins face-off versus Nicholas Paul in Quebec Nordiques zone.
11:46 of 1st period - Marco Rossi is hit by Nicholas Paul.
12:13 of 1st period - Icing by J.T. Miller.
12:14 of 1st period - Shane Pinto wins face-off versus J.T. Miller in Calgary Flames zone.
13:00 of 1st period - Snap shot by Chris Kreider.
13:00 of 1st period - Stopped by Joseph Woll without a rebound.
13:01 of 1st period - Pavel Zacha wins face-off versus Marco Rossi in Quebec Nordiques zone.
13:12 of 1st period - Wrist shot by Bo Horvat.
13:12 of 1st period - Deflect By Jonatan Berggren.
13:12 of 1st period - Shot Misses the Net.
13:12 of 1st period - Puck is out of play.
13:13 of 1st period - Matt Duchene wins face-off versus Bo Horvat in Quebec Nordiques zone.
13:18 of 1st period - Snap shot by Rickard Rakell.
13:18 of 1st period - Shot Blocked by Pavel Zacha.
13:20 of 1st period - Wrist shot by Matt Duchene.
13:20 of 1st period - Shot Misses the Net.
13:22 of 1st period - Slapshot by Brock Faber.
13:22 of 1st period - Shot Blocked by Kris Letang.
13:24 of 1st period - Slapshot by J.J. Moser.
13:24 of 1st period - Deflect By Rickard Rakell.
13:24 of 1st period - Shot Blocked by Kris Letang.
13:24 of 1st period - Puck is out of play.
13:25 of 1st period - Sebastian Aho wins face-off versus Cole Perfetti in Calgary Flames zone.
13:55 of 1st period - Brock Faber is hit by Joel Eriksson Ek.
14:05 of 1st period - Snap shot by Zach Hyman.
14:05 of 1st period - Shot Misses the Net.
14:39 of 1st period - Snap shot by Joel Eriksson Ek.
14:39 of 1st period - Goal by Joel Eriksson Ek - Quebec Nordiques : 0 - Calgary Flames : 3.
14:40 of 1st period - Pavel Zacha wins face-off versus Matt Duchene in neutral zone.
17:09 of 1st period - Snap shot by Pavel Zacha.
17:09 of 1st period - Goal by Pavel Zacha - Quebec Nordiques : 0 - Calgary Flames : 4.
17:10 of 1st period - J.T. Miller wins face-off versus Nikolaj Ehlers in neutral zone.
17:34 of 1st period - Icing by Brock Faber.
17:35 of 1st period - Bo Horvat wins face-off versus Matt Duchene in Quebec Nordiques zone.
17:38 of 1st period - Wrist shot by Bo Horvat.
17:38 of 1st period - Stopped by Joseph Woll with a rebound.
18:08 of 1st period - Icing by Alexandre Carrier.
18:09 of 1st period - Sebastian Aho wins face-off versus Shane Pinto in Quebec Nordiques zone.
18:17 of 1st period - Minor Penalty to Jonas Siegenthaler for Interference.
18:18 of 1st period - Michael McCarron wins face-off versus J.T. Miller in Quebec Nordiques zone.
18:28 of 1st period - Snap shot by Chris Kreider.
18:28 of 1st period - Goal by Chris Kreider - Quebec Nordiques : 0 - Calgary Flames : 5.
18:29 of 1st period - Bo Horvat wins face-off versus Shane Pinto in neutral zone.
18:38 of 1st period - Wrist shot by Pavel Zacha.
18:38 of 1st period - Shot Misses the Net.
18:56 of 1st period - Chris Kreider is hit by Rickard Rakell and loses puck.
19:09 of 1st period - Backhand shot by Nikolaj Ehlers.
19:09 of 1st period - Shot Misses the Net.
19:15 of 1st period - Minor Penalty to Matthew Tkachuk for Cross-checking.
19:16 of 1st period - Sebastian Aho wins face-off versus Matt Duchene in Calgary Flames zone.
Goals for this period are 0 for Quebec Nordiques vs 5 for Calgary Flames.
Shots for this period are 9 for Quebec Nordiques vs 16 for Calgary Flames.
2nd period
0:01 of 2nd period - Marco Rossi wins face-off versus Sebastian Aho in neutral zone.
0:08 of 2nd period - Wrist shot by Anthony Mantha.
0:08 of 2nd period - Stopped by Ilya Sorokin without a rebound.
0:09 of 2nd period - Marco Rossi wins face-off versus Sebastian Aho in Calgary Flames zone.
0:24 of 2nd period - Slapshot by Marco Rossi.
0:24 of 2nd period - Goal by Marco Rossi - Quebec Nordiques : 1 - Calgary Flames : 5.
0:25 of 2nd period - Marco Rossi wins face-off versus Sebastian Aho in neutral zone.
0:28 of 2nd period - Zach Hyman is hit by Brock Faber and loses puck.
0:33 of 2nd period - Slapshot by Cole Perfetti.
0:33 of 2nd period - Shot Misses the Net.
0:35 of 2nd period - Slapshot by J.J. Moser.
0:35 of 2nd period - Shot Misses the Net.
0:37 of 2nd period - Wrist shot by Marco Rossi.
0:37 of 2nd period - Goal by Marco Rossi - Quebec Nordiques : 2 - Calgary Flames : 5.
0:38 of 2nd period - Oliver Bjorkstrand wins face-off versus Shane Pinto in neutral zone.
0:53 of 2nd period - Snap shot by Pavel Zacha.
0:53 of 2nd period - Stopped by Joseph Woll with a rebound.
0:55 of 2nd period - Wrist shot by Oliver Bjorkstrand.
0:55 of 2nd period - Shot Misses the Net.
1:01 of 2nd period - Minor Penalty to Mark Giordano for Hooking.
1:02 of 2nd period - Sebastian Aho wins face-off versus Michael McCarron in Quebec Nordiques zone.
3:01 of 2nd period - Penalty to Mark Giordano is over, Mark Giordano is back on ice.
3:45 of 2nd period - Joel Eriksson Ek is hit by Shane Pinto and loses puck.
3:56 of 2nd period - Cole Perfetti is hit by Filip Hronek and loses puck.
4:23 of 2nd period - Snap shot by Shane Pinto.
4:23 of 2nd period - Deflect By Anthony Mantha.
4:23 of 2nd period - Shot Misses the Net.
4:23 of 2nd period - Puck is out of play.
4:24 of 2nd period - Sebastian Aho wins face-off versus Alex DeBrincat in Calgary Flames zone.
5:02 of 2nd period - Wrist shot by Oliver Bjorkstrand.
5:02 of 2nd period - Stopped by Joseph Woll without a rebound.
5:03 of 2nd period - Bo Horvat wins face-off versus Marco Rossi in Quebec Nordiques zone.
5:06 of 2nd period - Backhand shot by Bo Horvat.
5:06 of 2nd period - Shot Misses the Net.
5:30 of 2nd period - Snap shot by Jordan Greenway.
5:30 of 2nd period - Shot Misses the Net.
5:34 of 2nd period - Snap shot by Jordan Greenway.
5:34 of 2nd period - Shot Misses the Net.
5:54 of 2nd period - Wrist shot by Chris Kreider.
5:54 of 2nd period - Deflect By Matthew Tkachuk.
5:54 of 2nd period - Shot Blocked by Alexandre Carrier.
5:54 of 2nd period - Alexandre Carrier from Quebec Nordiques is injured at 5:54 of 2nd period (Bruised Left Shoulder).
5:55 of 2nd period - J.T. Miller wins face-off versus Shane Pinto in Quebec Nordiques zone.
5:56 of 2nd period - Snap shot by Matthew Tkachuk.
5:56 of 2nd period - Shot Misses the Net.
6:32 of 2nd period - Slapshot by Joel Eriksson Ek.
6:32 of 2nd period - Stopped by Joseph Woll with a rebound.
6:34 of 2nd period - Snap shot by Joel Eriksson Ek.
6:34 of 2nd period - Shot Misses the Net.
7:45 of 2nd period - Filip Hronek is hit by Matt Duchene and loses puck.
8:06 of 2nd period - Slapshot by Oliver Bjorkstrand.
8:06 of 2nd period - Stopped by Joseph Woll with a rebound.
8:08 of 2nd period - Snap shot by J.T. Miller.
8:08 of 2nd period - Stopped by Joseph Woll with a rebound.
8:10 of 2nd period - Snap shot by Chris Kreider.
8:10 of 2nd period - Stopped by Joseph Woll without a rebound.
8:10 of 2nd period - Minor Penalty to Joseph Woll for Slashing.
8:11 of 2nd period - J.T. Miller wins face-off versus Shane Pinto in Quebec Nordiques zone.
9:20 of 2nd period - Brock Faber is hit by Sebastian Aho and loses puck.
10:10 of 2nd period - Penalty to Jonatan Berggren is over, Jonatan Berggren is back on ice.
10:21 of 2nd period - Michael Anderson is hit by Jeremy Lauzon and loses puck.
10:46 of 2nd period - Jake Middleton is hit by Mark Giordano and loses puck.
11:07 of 2nd period - Michael Anderson is hit by Chris Kreider and loses puck.
12:39 of 2nd period - Matt Duchene is hit by Cale Makar and loses puck.
13:15 of 2nd period - Anthony Mantha is hit by Joel Eriksson Ek and loses puck.
13:47 of 2nd period - Filip Hronek is hit by Nikolaj Ehlers and loses puck.
14:25 of 2nd period - Slapshot by Nicholas Paul.
14:25 of 2nd period - Stopped by Joseph Woll without a rebound.
14:26 of 2nd period - Matt Duchene wins face-off versus Nicholas Paul in Quebec Nordiques zone.
14:31 of 2nd period - Nicholas Paul is hit by Nikolaj Ehlers.
16:20 of 2nd period - Drew Doughty is hit by Mark Giordano and loses puck.
16:31 of 2nd period - Wrist shot by Jonatan Berggren.
16:31 of 2nd period - Goal by Jonatan Berggren - Quebec Nordiques : 3 - Calgary Flames : 5.
16:32 of 2nd period - Shane Pinto wins face-off versus Sebastian Aho in neutral zone.
16:35 of 2nd period - Wrist shot by Shane Pinto.
16:35 of 2nd period - Shot Misses the Net.
16:43 of 2nd period - Wrist shot by Shane Pinto.
16:43 of 2nd period - Stopped by Ilya Sorokin without a rebound.
16:44 of 2nd period - Shane Pinto wins face-off versus Sebastian Aho in Calgary Flames zone.
16:49 of 2nd period - Wrist shot by Alex DeBrincat.
16:49 of 2nd period - Shot Blocked by Joel Eriksson Ek.
16:51 of 2nd period - Wrist shot by Alex DeBrincat.
16:51 of 2nd period - Stopped by Ilya Sorokin without a rebound.
16:52 of 2nd period - Joel Eriksson Ek wins face-off versus Alex DeBrincat in Calgary Flames zone.
17:06 of 2nd period - Slapshot by Cale Makar.
17:06 of 2nd period - Deflect By Joel Eriksson Ek.
17:06 of 2nd period - Shot Misses the Net.
17:06 of 2nd period - Puck is out of play.
17:07 of 2nd period - Matt Duchene wins face-off versus Matthew Tkachuk in Quebec Nordiques zone.
17:07 of 2nd period - Nikolaj Ehlers is hit by J.T. Miller and loses puck.
17:35 of 2nd period - Sebastian Aho is hit by Anthony Mantha and loses puck.
17:42 of 2nd period - Alex DeBrincat is hit by Kris Letang and loses puck.
18:38 of 2nd period - Snap shot by Sebastian Aho.
18:38 of 2nd period - Stopped by Joseph Woll with a rebound.
19:02 of 2nd period - Slapshot by Matthew Tkachuk.
19:02 of 2nd period - Stopped by Joseph Woll with a rebound.
19:04 of 2nd period - Slapshot by Jake Middleton.
19:04 of 2nd period - Deflect By Matt Duchene.
19:04 of 2nd period - Stopped by Joseph Woll without a rebound.
19:05 of 2nd period - J.T. Miller wins face-off versus Rickard Rakell in Quebec Nordiques zone.
19:08 of 2nd period - Wrist shot by Chris Kreider.
19:08 of 2nd period - Shot Blocked by Mark Giordano.
19:10 of 2nd period - Slapshot by Jeremy Lauzon.
19:10 of 2nd period - Shot Misses the Net.
19:12 of 2nd period - Slapshot by Matthew Tkachuk.
19:12 of 2nd period - Shot Misses the Net.
19:14 of 2nd period - Wrist shot by J.T. Miller.
19:14 of 2nd period - Shot Misses the Net.
19:16 of 2nd period - Backhand shot by Chris Kreider.
19:16 of 2nd period - Deflect By J.T. Miller.
19:16 of 2nd period - Stopped by Joseph Woll with a rebound.
19:39 of 2nd period - Anthony Mantha is hit by Joel Eriksson Ek and loses puck.
19:52 of 2nd period - Snap shot by Pavel Zacha.
19:52 of 2nd period - Stopped by Joseph Woll without a rebound.
19:53 of 2nd period - Bo Horvat wins face-off versus Michael McCarron in Quebec Nordiques zone.
19:56 of 2nd period - Snap shot by Bo Horvat.
19:56 of 2nd period - Shot Misses the Net.
19:58 of 2nd period - Slapshot by Oliver Bjorkstrand.
19:58 of 2nd period - Stopped by Joseph Woll with a rebound.
Goals for this period are 3 for Quebec Nordiques vs 0 for Calgary Flames.
Shots for this period are 6 for Quebec Nordiques vs 13 for Calgary Flames.
3rd period
0:01 of 3rd period - Matt Duchene wins face-off versus J.T. Miller in neutral zone.
0:06 of 3rd period - Icing by J.T. Miller.
0:07 of 3rd period - J.T. Miller wins face-off versus Rickard Rakell in Calgary Flames zone.
0:19 of 3rd period - Wrist shot by Matt Duchene.
0:19 of 3rd period - Stopped by Ilya Sorokin with a rebound.
0:21 of 3rd period - Slapshot by Matt Duchene.
0:21 of 3rd period - Shot Hit the Post.
0:23 of 3rd period - Snap shot by J.J. Moser.
0:23 of 3rd period - Deflect By Rickard Rakell.
0:23 of 3rd period - Shot Misses the Net.
0:23 of 3rd period - Puck is out of play.
0:24 of 3rd period - Shane Pinto wins face-off versus Joel Eriksson Ek in Calgary Flames zone.
0:42 of 3rd period - Minor Penalty to Alex DeBrincat for Cross-checking.
0:43 of 3rd period - Michael McCarron wins face-off versus Sebastian Aho in Quebec Nordiques zone.
2:12 of 3rd period - Luke Kunin is hit by Matthew Tkachuk and loses puck.
2:42 of 3rd period - Penalty to Alex DeBrincat is over, Alex DeBrincat is back on ice.
2:54 of 3rd period - Slapshot by Nicholas Paul.
2:54 of 3rd period - Stopped by Joseph Woll with a rebound.
3:19 of 3rd period - Bo Horvat is hit by J.J. Moser.
3:29 of 3rd period - Jonas Siegenthaler is hit by Nicholas Paul and loses puck.
4:29 of 3rd period - Alex DeBrincat is hit by Kris Letang and loses puck.
4:56 of 3rd period - Marco Rossi is hit by Nicholas Paul and loses puck.
5:32 of 3rd period - Snap shot by Bo Horvat.
5:32 of 3rd period - Stopped by Joseph Woll with a rebound.
6:21 of 3rd period - Pavel Zacha is hit by Brock Faber and loses puck.
6:38 of 3rd period - Jonatan Berggren is hit by Joel Eriksson Ek.
7:18 of 3rd period - Drew Doughty is hit by Nikolaj Ehlers and loses puck.
7:31 of 3rd period - Wrist shot by Marco Rossi.
7:31 of 3rd period - Goal by Marco Rossi - Quebec Nordiques : 4 - Calgary Flames : 5.
7:32 of 3rd period - Anthony Mantha wins face-off versus J.T. Miller in neutral zone.
8:22 of 3rd period - Bo Horvat is hit by Jonatan Berggren and loses puck.
8:33 of 3rd period - Snap shot by Marco Rossi.
8:33 of 3rd period - Stopped by Ilya Sorokin with a rebound.
8:48 of 3rd period - Nicholas Paul is hit by Michael McCarron and loses puck.
9:07 of 3rd period - Matthew Tkachuk is hit by Anthony Mantha and loses puck.
9:27 of 3rd period - Matt Duchene is hit by Sebastian Aho and loses puck.
9:58 of 3rd period - Snap shot by Oliver Bjorkstrand.
9:58 of 3rd period - Shot Blocked by Michael Anderson.
10:00 of 3rd period - Snap shot by Bo Horvat.
10:00 of 3rd period - Shot Blocked by Mark Giordano.
10:02 of 3rd period - Slapshot by Jake Middleton.
10:02 of 3rd period - Stopped by Joseph Woll without a rebound.
10:03 of 3rd period - J.T. Miller wins face-off versus Shane Pinto in Quebec Nordiques zone.
10:10 of 3rd period - Slapshot by J.T. Miller.
10:10 of 3rd period - Stopped by Joseph Woll with a rebound.
10:12 of 3rd period - Minor Penalty to Brock Faber for Hooking.
10:13 of 3rd period - Sebastian Aho wins face-off versus Michael McCarron in Quebec Nordiques zone.
10:25 of 3rd period - Minor Penalty to Zach Hyman for Delaying the game.
10:26 of 3rd period - J.T. Miller wins face-off versus Matt Duchene in Calgary Flames zone.
11:02 of 3rd period - Slapshot by Kris Letang.
11:02 of 3rd period - Shot Misses the Net.
12:12 of 3rd period - Penalty to Brock Faber is over, Brock Faber is back on ice.
12:25 of 3rd period - Penalty to Zach Hyman is over, Zach Hyman is back on ice.
12:38 of 3rd period - Snap shot by Alex DeBrincat.
12:38 of 3rd period - Stopped by Ilya Sorokin with a rebound.
12:46 of 3rd period - Snap shot by Zach Hyman.
12:46 of 3rd period - Shot Misses the Net.
12:48 of 3rd period - Slapshot by Pavel Zacha.
12:48 of 3rd period - Goal by Pavel Zacha - Quebec Nordiques : 4 - Calgary Flames : 6.
12:49 of 3rd period - J.T. Miller wins face-off versus Matt Duchene in neutral zone.
12:58 of 3rd period - Wrist shot by Nikolaj Ehlers.
12:58 of 3rd period - Stopped by Ilya Sorokin without a rebound.
12:59 of 3rd period - Matt Duchene wins face-off versus J.T. Miller in Calgary Flames zone.
13:02 of 3rd period - Snap shot by Nikolaj Ehlers.
13:02 of 3rd period - Stopped by Ilya Sorokin without a rebound.
13:03 of 3rd period - J.T. Miller wins face-off versus Marco Rossi in Calgary Flames zone.
13:10 of 3rd period - Snap shot by Chris Kreider.
13:10 of 3rd period - Stopped by Joseph Woll with a rebound.
13:17 of 3rd period - Minor Penalty to Marco Rossi for Roughing.
13:18 of 3rd period - Michael McCarron wins face-off versus Sebastian Aho in Quebec Nordiques zone.
13:18 of 3rd period - Michael McCarron is hit by Zach Hyman.
13:31 of 3rd period - Slapshot by Cale Makar.
13:31 of 3rd period - Stopped by Joseph Woll with a rebound.
13:33 of 3rd period - Slapshot by Cale Makar.
13:33 of 3rd period - Stopped by Joseph Woll without a rebound.
13:34 of 3rd period - Michael McCarron wins face-off versus J.T. Miller in Quebec Nordiques zone.
13:34 of 3rd period - Michael McCarron is hit by Jeremy Lauzon.
14:24 of 3rd period - Brock Faber is hit by Jeremy Lauzon and loses puck.
14:35 of 3rd period - Snap shot by Sebastian Aho.
14:35 of 3rd period - Stopped by Joseph Woll without a rebound.
14:36 of 3rd period - Michael McCarron wins face-off versus J.T. Miller in Quebec Nordiques zone.
14:52 of 3rd period - Slapshot by Mark Giordano.
14:52 of 3rd period - Shot Misses the Net.
15:17 of 3rd period - Penalty to Marco Rossi is over, Marco Rossi is back on ice.
15:24 of 3rd period - Marco Rossi is hit by Mathieu Joseph and loses puck.
15:52 of 3rd period - Snap shot by Nikolaj Ehlers.
15:52 of 3rd period - Deflect By Matt Duchene.
15:52 of 3rd period - Stopped by Ilya Sorokin with a rebound.
15:54 of 3rd period - Slapshot by Jonas Siegenthaler.
15:54 of 3rd period - Stopped by Ilya Sorokin without a rebound.
15:55 of 3rd period - Michael McCarron wins face-off versus Sebastian Aho in Calgary Flames zone.
17:13 of 3rd period - Jake Middleton is hit by Brock Faber.
17:47 of 3rd period - Marco Rossi is hit by Filip Hronek and loses puck.
18:07 of 3rd period - Snap shot by Cole Perfetti.
18:07 of 3rd period - Shot Misses the Net.
18:09 of 3rd period - Slapshot by Cole Perfetti.
18:09 of 3rd period - Stopped by Ilya Sorokin without a rebound.
18:10 of 3rd period - Michael McCarron wins face-off versus Bo Horvat in Calgary Flames zone.
18:11 of 3rd period - Snap shot by Jordan Greenway.
18:11 of 3rd period - Shot Blocked by Kris Letang.
19:04 of 3rd period - Snap shot by Nikolaj Ehlers.
19:04 of 3rd period - Shot Hit the Post.
19:06 of 3rd period - Wrist shot by Rickard Rakell.
19:06 of 3rd period - Stopped by Ilya Sorokin with a rebound.
19:08 of 3rd period - Slapshot by Jonas Siegenthaler.
19:08 of 3rd period - Goal by Jonas Siegenthaler - Quebec Nordiques : 5 - Calgary Flames : 6.
19:09 of 3rd period - Matt Duchene wins face-off versus J.T. Miller in neutral zone.
19:12 of 3rd period - Matthew Tkachuk is hit by Matt Duchene and loses puck.
19:27 of 3rd period - Wrist shot by J.T. Miller.
19:27 of 3rd period - Stopped by Joseph Woll with a rebound.
19:47 of 3rd period - Wrist shot by J.T. Miller.
19:47 of 3rd period - Stopped by Joseph Woll without a rebound.
19:48 of 3rd period - Patrick Roy call a timeout for Quebec Nordiques.
19:48 of 3rd period - J.T. Miller wins face-off versus Matt Duchene in Quebec Nordiques zone.
Goals for this period are 2 for Quebec Nordiques vs 1 for Calgary Flames.
Shots for this period are 11 for Quebec Nordiques vs 11 for Calgary Flames.
Back to the Top